Map: Nightshade LE

Players

Ratl - Winner!

  • Race: Protoss Protoss
  • League: Silver
  • Spawn Location: 11:00

Hauers

  • Race: Terran Terran
  • League: Silver
  • Spawn Location: 5:00

VOD

Have the link to the VOD?

Description

Time

  • Played on: Jan. 14, 2020, 1:25 p.m.
  • Length: 18:02
Show
View Real Time Build Order
Export as new Build Order

Ratl Protoss - Winner!

Build Orders:  

Get SALT Encoding   

  12  0:02  Probe  
  13  0:14  Probe  
  13  0:19  Pylon  
  14  0:26  Probe  
  15  0:39  Probe (Chrono Boost)  
  15  0:42  Gateway  
  17  0:50  Probe (Chrono Boost)  
  17  0:54  Probe (Chrono Boost)  
  18  1:01  Gateway  
  18  1:05  Probe  
  19  1:15  Assimilator  
  19  1:17  Probe  
  20  1:19  Assimilator  
  20  1:29  Probe, Cybernetics Core  
  21  1:42  Probe  
  22  1:54  Probe  
  23  1:59  Pylon  
  23  2:03  Warp Gate (Chrono Boost)  
  23  2:07  Pylon  
  23  2:17  Probe, Adept x2  
  28  2:29  Probe  
  29  2:38  Nexus  
  29  2:41  Probe  
  30  2:53  Probe  
  31  2:58  Stalker  
  31  2:59  Stalker  
  31  3:05  Probe  
  36  3:11  Pylon  
  36  3:17  Probe  
  37  3:29  Probe  
  38  3:41  Probe  
  39  3:58  Probe x2  
  41  4:10  Probe x2  
  41  4:18  Assimilator  
  41  4:19  Assimilator  
  41  4:22  Zealot x2  
  45  4:25  Pylon  
  45  4:38  Stargate  
  45  4:41  Probe (Chrono Boost), Robotics Facility  
  47  4:46  Probe (Chrono Boost)  
  47  4:51  Probe (Chrono Boost)  
  48  4:54  Protoss Air Weapons Level 1 (Chrono Boost)  
  48  4:55  Probe (Chrono Boost)  
  48  4:56  Probe (Chrono Boost)  
  50  5:05  Probe  
  51  5:07  Probe  
  51  5:09  Stalker  
  51  5:10  Stalker  
  56  5:17  Probe  
  56  5:19  Probe  
  58  5:23  Gateway  
  58  5:24  Gateway  
  58  5:27  Pylon  
  58  5:29  Probe  
  58  5:30  Pylon, Oracle  
  58  5:31  Probe  
  58  5:34  Observer  
  64  5:41  Probe  
  65  5:43  Probe  
  65  5:45  Stargate x2  
  66  5:54  Warp Prism  
  68  5:57  Zealot  
  68  5:58  Zealot  
  68  6:00  Probe x2  
  74  6:12  Probe x2  
  74  6:14  Nexus  
  76  6:20  Oracle  
  76  6:24  Probe x2  
  81  6:29  Oracle  
  84  6:40  Pylon  
  84  6:45  Pylon  
  84  6:52  Zealot  
  86  6:57  Pylon  
  86  6:58  Oracle  
  86  6:59  Pylon  
  89  7:03  Immortal, Assimilator  
  89  7:04  Probe x2  
  95  7:16  Probe x2  
  95  7:22  Fleet Beacon  
  97  7:27  Protoss Air Armor Level 1 (Chrono Boost)  
  97  7:28  Probe  
  98  7:30  Probe x2  
  98  7:33  Void Ray  
  98  7:36  Void Ray  
  108  7:40  Probe  
  108  7:42  Probe x2  
  111  7:44  Assimilator  
  111  7:58  Observer  
  109  8:19  Immortal  
  107  8:21  Void Ray x2  
  115  8:39  Pylon  
  115  8:43  Forge  
  115  8:45  Zealot x2  
  119  8:51  Unknown  
  119  8:58  Void Ray  
  123  9:04  Void Ray, Zealot x2  
  131  9:14  Gateway  
  131  9:15  Pylon, Gateway  
  131  9:19  Gateway, Protoss Air Weapons Level 2 (Chrono Boost)  
  131  9:45  Pylon  
  131  9:46  Zealot x3  
  131  9:47  Pylon, Zealot  
  139  10:01  Photon Cannon  
  139  10:03  Photon Cannon  
  139  10:08  Photon Cannon  
  139  10:11  Photon Cannon  
  139  10:14  Photon Cannon  
  139  10:19  Photon Cannon  
  139  10:20  Photon Cannon  
  139  10:21  Void Ray  
  139  10:22  Photon Cannon, Void Ray  
  139  10:23  Photon Cannon  
  139  10:24  Photon Cannon, Stalker  
  139  10:25  Stalker x3  
  139  10:27  Photon Cannon  
  139  10:28  Photon Cannon  
  147  10:30  Void Ray, Shield Battery  
  147  10:33  Shield Battery  
  147  10:34  Shield Battery  
  159  10:36  Shield Battery  
  159  10:38  Protoss Shields Level 1 (Chrono Boost)  
  159  10:39  Cybernetics Core  
  159  11:00  Immortal  
  163  11:24  Gateway  
  163  11:26  Gateway  
  163  11:27  Gateway  
  163  11:30  Pylon  
  163  11:34  Pylon  
  163  11:35  Protoss Air Armor Level 2 (Chrono Boost)  
  163  11:36  Pylon  
  163  11:42  Pylon  
  163  11:46  Pylon  
  163  11:48  Void Ray x2  
  163  11:51  Void Ray  
  175  11:55  Pylon  
  175  11:57  Pylon  
  175  12:03  Immortal  
  173  12:36  Stalker x4  
  112  13:02  Stalker x3  
  112  13:03  Stalker x5  
  102  13:16  Immortal  
  102  13:17  Void Ray x3  
  118  13:41  Nexus  
  122  13:55  Immortal  
  122  14:00  Void Ray x3  
  134  14:07  Nexus  
  134  14:13  Pylon  
  134  14:16  Pylon, Assimilator  
  134  14:19  Assimilator  
  134  14:27  Stalker x4  
  134  14:28  Stalker  
  144  14:34  Void Ray  
  144  14:35  Void Ray  
  152  14:54  Twilight Council  
  152  15:07  Protoss Air Weapons Level 3 (Chrono Boost)  
  152  15:23  Probe x2  
  152  15:24  Probe x3  
  157  15:33  Pylon  
  157  15:35  Probe  
  157  15:36  Pylon  
  157  15:39  Pylon  
  157  15:42  Assimilator  
  158  15:53  Assimilator  
  158  15:55  Void Ray x3  
  158  15:59  Immortal (Chrono Boost)  
  158  16:04  Stalker  
  176  16:32  Void Ray x3  
  188  17:07  Stalker x5  
  188  17:08  Stalker  
Show
View Real Time Build Order
Export as new Build Order

Hauers Terran 

Build Orders:  

Get SALT Encoding   

  12  0:02  SCV  
  13  0:14  Supply Depot  
  13  0:19  SCV  
  14  0:32  Supply Depot  
  14  0:36  Supply Depot  
  14  0:43  SCV  
  15  0:57  SCV  
  15  1:00  Supply Depot  
  16  1:08  Barracks  
  16  1:16  SCV  
  17  1:20  Refinery  
  17  1:23  Refinery  
  17  1:29  SCV  
  18  1:41  SCV  
  19  1:54  SCV  
  20  2:01  Marine  
  20  2:06  SCV  
  22  2:17  Barracks  
  22  2:24  Barracks  
  22  2:27  Barracks Tech Lab  
  22  2:30  SCV  
  23  2:44  Orbital Command  
  23  2:48  Concussive Shells  
  23  3:04  Barracks  
  23  3:07  Barracks  
  23  3:09  Barracks Reactor  
  23  3:13  Barracks Reactor  
  23  3:15  Marauder  
  25  3:26  Engineering Bay  
  25  3:29  Engineering Bay  
  24  3:49  Marine  
  24  3:50  Marine  
  24  3:51  Marine x2  
  24  3:53  Marauder  
  28  4:06  Marine x2  
  30  4:15  Marauder  
  32  4:22  Supply Depot  
  32  4:34  Barracks Tech Lab  
  32  4:35  Barracks Reactor  
  32  4:39  Marauder  
  32  4:43  Combat Shield  
  34  5:00  Marauder  
  36  5:10  Factory  
  36  5:12  Hi-Sec Auto Tracking  
  36  5:13  Terran Infantry Weapons Level 1  
  36  5:16  Marauder  
  36  5:18  Marine x2  
  36  5:20  Marine  
  41  5:21  Marine  
  41  5:23  Marine  
  43  5:31  Bunker  
  43  5:40  Missile Turret  
  43  5:56  Factory Tech Lab  
  43  6:00  Missile Turret  
  43  6:08  Missile Turret  
  43  6:22  Missile Turret  
  43  6:35  Missile Turret  
  43  6:36  Command Center  
  43  6:39  Siege Tank  
  46  6:43  Neosteel Armor  
  46  6:51  Marauder x2  
  50  7:08  Starport  
  50  7:10  Terran Infantry Armor Level 1  
  50  7:18  Armory  
  50  7:40  Siege Tank  
  53  7:45  Starport Reactor  
  53  7:51  Refinery  
  53  7:52  Starport  
  52  8:09  Fusion Core  
  50  8:20  SCV  
  51  8:32  SCV, Starport Tech Lab  
  52  8:39  Missile Turret  
  52  8:40  Terran Vehicle And Ship Armor Level 1  
  52  8:44  SCV  
  53  8:49  Refinery  
  53  8:56  SCV  
  53  9:00  Thor  
  60  9:06  Missile Turret  
  60  9:07  Marine, Marauder  
  63  9:20  Orbital Command  
  63  9:27  SCV  
  64  9:39  SCV  
  64  9:40  Missile Turret  
  65  9:55  Stimpack  
  65  10:03  SCV  
  66  10:07  SCV  
  67  10:15  SCV  
  67  10:19  SCV  
  67  10:20  Marine  
  67  10:21  Marine x2  
  71  10:25  Missile Turret  
  71  10:27  SCV  
  73  10:31  SCV  
  74  10:39  SCV  
  75  10:43  SCV  
  75  10:49  Supply Depot  
  76  10:51  Supply Depot  
  76  10:52  SCV  
  76  10:53  Supply Depot  
  76  10:55  SCV  
  78  11:14  Supply Depot  
  78  11:15  Supply Depot  
  78  11:22  Sensor Tower  
  78  11:38  Viking x2  
  82  11:40  Battlecruiser  
  88  11:48  Terran Vehicle Weapons Level 1  
  88  11:59  Sensor Tower  
  88  12:07  Thor  
  94  12:19  Viking  
  83  12:45  Battlecruiser  
  52  13:21  Viking  
  52  13:22  Viking  
  52  13:23  Orbital Command  
  56  13:27  Marine x2  
  56  13:28  Marine x2  
  60  14:02  Thor  
  66  14:25  Marine  
  66  14:26  Marine x3  
  66  14:28  Refinery  
  66  14:29  Refinery  
  70  14:37  Banshee  
  73  15:30  Missile Turret x2  
  73  15:32  Battlecruiser  
  73  15:34  Thor  
  85  15:36  Terran Vehicle And Ship Armor Level 2  
  85  15:40  Viking x2  
  89  15:44  Marauder  
  91  15:52  Missile Turret  
  91  16:13  Sensor Tower  
  91  16:30  Marine x2  
  91  16:31  Marine x2  
  91  16:32  Marine x2  
  96  16:34  Marauder x2  
  101  16:40  Medivac x2  
  101  16:42  Battlecruiser  
  111  17:04  Missile Turret  
  111  17:06  Missile Turret  
  110  17:25  Missile Turret  
Tags
 
Add a new tag
Caveats
  • Supply blocks, unpowered buildings, or Contaminate may cause inaccurate times.
  • Supply counts are checked every 10 seconds.